 Dungeon Crawl Stone Soup version 0.20-a0-709-gd40821f (webtiles) character file.

199 Heskey the Skirmisher (level 5, -1/72 HPs)
             Began as a Draconian Berserker on Feb 21, 2017.
             Was a Priest of Trog.
             Slain by an orc priest
             ... wielding a +0 mace
              (5 damage)
             ... on level 3 of the Dungeon.
             The game lasted 00:02:51 (2232 turns).

Heskey the Skirmisher (Draconian Berserker)         Turns: 2232, Time: 00:02:52

Health: -1/72      AC:  5    Str: 25    XL:     5   Next: 48%
Magic:  5/5        EV: 13    Int:  7    God:    Trog [***...]
Gold:   162        SH:  0    Dex: 11    Spells: 4/4 levels left

rFire    . . .     SeeInvis .   a - +0 hand axe
rCold    . . .     Gourm    .   (armour unavailable)
rNeg     . . .     Faith    .   (no shield)
rPois    .         Spirit   .   (helmet restricted)
rElec    .         Reflect  .   (no cloak)
rCorr    .         Harm     .   (no gloves)
MR       .....                  (no boots)
Stlth    ..........             (no amulet)
Regen    0.3/turn               (no ring)
MPRegen  0.1/turn               (no ring)

@: berserking, very quick
A: unfitting armour, cold-blooded, AC +5
a: Berserk, Trog's Hand, Burn Spellbooks, Renounce Religion


You were on level 3 of the Dungeon.
You worshipped Trog.
Trog was most pleased with you.
You were hungry.

You visited 1 branch of the dungeon, and saw 3 of its levels.

You collected 162 gold pieces.

Inventory:

Hand Weapons
 a - a +0 hand axe (weapon)
Jewellery
 j - an uncursed ring of resist corrosion {unknown}
 l - a +5 amulet of reflection {unknown}
Scrolls
 b - a scroll of random uselessness {unknown}
 e - 3 scrolls of identify {unknown}
 f - 3 scrolls of teleportation {unknown}
 g - 2 scrolls of amnesia {unknown}
 h - a scroll of enchant weapon {unknown}
 o - a scroll of noise {unknown}
 q - a scroll of magic mapping {unknown}
Potions
 c - 2 potions of resistance {unknown}
 i - a potion of heal wounds {unknown}
 k - 2 potions of curing {unknown}
 m - a potion of flight {unknown}
 p - 3 potions of agility {unknown}
Comestibles
 d - 2 meat rations
 n - a royal jelly


   Skills:
 * Level 5.3 Fighting
 + Level 3.7 Axes
 + Level 4.0 Dodging


You had 4 spell levels left.
You didn't know any spells.

Dungeon Overview and Level Annotations

Branches:
Dungeon (3/15)

Altars:


Innate Abilities, Weirdness & Mutations

Your plain brown scales are hard. (AC +5)
You cannot fit into any form of body armour.
You are cold-blooded and may be slowed by cold attacks.


Message History

You feel yourself moving faster!
You feel mighty!
You are feeling hungry.
The orc priest invokes the aid of Beogh against you.
Beogh smites you!
* * * LOW HITPOINT WARNING * * *
You are too injured to fight recklessly!
You are too injured to fight recklessly!
You are too injured to fight recklessly!
You slash the orc priest!
You kill the orc priest!
Trog accepts your kill.
Your Dodging skill increases to level 4!
You barely miss the orc priest. The orc priest hits you with a mace.
* * * LOW HITPOINT WARNING * * *
You slash the orc priest!
Your tail-slap misses the orc priest.
The orc priest is heavily wounded.
You completely miss the orc priest.
The orc priest is heavily wounded.
The orc priest hits you with a mace.
You die...

#.# #.#
#.# #.#
###.#
#.#
..#.#
#.##
....#
#.#.##
#.###
#.###.##
#.# #.#
##.##
#.# #.#
##.#
#.####
## #@##
......
#o##
..###.
#.. ###
#.## #.
# ## .#


You could see an orc priest.

Vanquished Creatures
  An orc priest (D:3)
  Jessica (D:3)
  Terence (D:3)
  An adder (D:3)
  2 oozes
  A worm (D:2)
  4 dart slugs
  2 leopard geckos
  7 orcs (D:3)
  A ball python (D:2)
  7 giant cockroaches
  10 goblins
  10 hobgoblins
  2 jackals (D:1)
  11 kobolds
  5 bats
  3 frilled lizards
  10 rats
79 creatures vanquished.

Notes
Turn   | Place    | Note
-------+----------+-------------------------------------------
     0 | D:1      | Heskey the Draconian Berserker began the quest for the Orb.
     0 | D:1      | Reached XP level 1. HP: 19/19 MP: 1/1
    63 | D:1      | Reached XP level 2. HP: 20/26 MP: 2/2
   649 | D:1      | Reached skill level 4 in Fighting
   656 | D:1      | Reached XP level 3. HP: 31/33 MP: 3/3
   815 | D:1      | Reached ** piety under Trog
  1476 | D:2      | Reached XP level 4. HP: 37/41 MP: 4/4
  1695 | D:3      | Noticed Jessica
  1698 | D:3      | Noticed Terence
  1712 | D:3      | Killed Jessica
  1717 | D:3      | Killed Terence
  1883 | D:3      | Reached skill level 5 in Fighting
  1883 | D:3      | Reached XP level 5. HP: 48/48 MP: 5/5
  2051 | D:3      | Reached *** piety under Trog
  2232 | D:3      | Slain by an orc priest

Vault maps used:
D:1:      mrwooster_arrival_statue_3
D:3:      marbit_many_paths, tgw_kikubaaqudgha, uniq_terence, uniq_jessica

Skill      XL: |  1  2  3  4  5 |
---------------+----------------+-----
Dodging        | 3 4 |  4.0
Fighting       | 4 5 |  5.3
Axes           | |  3.7

Action                   |  1- 3 |  4- 6 || total
-------------------------+-------+-------++-------
Melee: Hand axe          |   116 |    92 ||   208
       Tailslap          |    15 |    14 ||    29
Invok: Berserk           |       |     3 ||     3
 Stab: Sleeping          |     1 |       ||     1
  Eat: Chunk             |     2 |       ||     2
       Bread ration      |       |     1 ||     1
Armor: Skin              |    34 |    12 ||    46
Dodge: Dodged            |    79 |    51 ||   130
